 Dungeon Crawl Stone Soup version 0.19.0-16-g73b5abf (webtiles) character file.

58 Patchouli the Sneak (level 3, 0/18 HPs)
             Began as a Spriggan Enchanter on Nov 11, 2016.
             Slain by a water moccasin zombie (6 damage)
             ... in an ossuary.
             The game lasted 00:08:26 (1161 turns).

Patchouli the Sneak (Spriggan Enchanter)            Turns: 1161, Time: 00:08:26

Health: 0/18       AC:  3    Str:  4    XL:     3   Next: 75%
Magic:  2/8        EV: 19    Int: 17    God:
Gold:   33         SH:  0    Dex: 16    Spells: 3 memorised, 2 levels left

rFire  . . .     SeeInvis +     a - +1 dagger
rCold  . . .     Gourm    .     b - +1 robe
rNeg   . . .     Faith    .     (shield restricted)
rPois  .         Spirit   .     (helmet restricted)
rElec  .         Reflect  .     (no cloak)
rCorr  .         Harm     .     (gloves unavailable)
MR     .....                    (boots unavailable)
Stlth  +++.......               (no amulet)
                                (no ring)
                                e - ring of see invisible

@: very quick
A: unfitting armour, see invisible, herbivore 3, speed 3, slow metabolism 2
a: no special abilities


You were in an ossuary.
You were not hungry.

You visited 1 branch of the dungeon, and saw 5 of its levels.
You also visited: Ossuary.

You collected 33 gold pieces.

Inventory:

Hand Weapons
 a - a +1 dagger (weapon)
Armour
 b - a +1 robe (worn)
Jewellery
 e - a ring of see invisible (left hand)
 f - an uncursed amulet of magic regeneration {unknown}
Scrolls
 g - 2 scrolls of identify {unknown}
 i - 3 scrolls of fear {unknown}
 k - a scroll of immolation {unknown}
Potions
 j - a potion of brilliance {unknown}
Books
 c - a book of Maledictions

   Spells                             Type                      Level
   a - Corona                         Hexes                        1
   b - Ensorcelled Hibernation        Hexes/Ice                    2
   c - Confuse                        Hexes                        3
   d - Tukima's Dance                 Hexes                        3
   e - Dazzling Spray                 Conjuration/Hexes            3
Comestibles
 d - 4 bread rations


   Skills:
 + Level 1.2 Fighting
 + Level 1.7 Short Blades
 + Level 3.4 Dodging
 + Level 4.9 Stealth
 * Level 3.2 Spellcasting
 + Level 4.1 Hexes


You had 2 spell levels left.
You knew the following spells:

 Your Spells              Type           Power        Failure   Level  Hunger
a - Corona                Hex            ###....      3%          1    None
c - Confuse               Hex            ###.....     12%         3    ###....
h - Ensorcelled Hibernat  Hex/Ice        #.....       14%         2    ##.....


Dungeon Overview and Level Annotations

Branches:
Dungeon (5/15)
 Temple: D:4-7

Altars:

Annotations:
D:4 Robin, Sigmund


Innate Abilities, Weirdness & Mutations

You are very small and have problems with some larger weapons.
You are too small for most types of armour.
You have supernaturally acute eyesight. (SInv)
You are a herbivore.
You cover ground extremely quickly.
You need consume almost no food.


Message History

You aren't carrying any items that you can evoke.
Unknown command.
You hit the hobgoblin zombie.
The hobgoblin zombie is moderately damaged.
The water moccasin zombie barely misses you.
The hobgoblin zombie completely misses you.
You hit the hobgoblin zombie.
The hobgoblin zombie is severely damaged.
The water moccasin zombie bites you.
You hit the hobgoblin zombie.
The hobgoblin zombie is severely damaged.
The water moccasin zombie bites you.
The hobgoblin zombie closely misses you.
You hit the hobgoblin zombie.
The hobgoblin zombie is almost destroyed.
The water moccasin zombie misses you. The hobgoblin zombie barely misses you.
You hit the hobgoblin zombie.
You destroy the hobgoblin zombie!
The water moccasin zombie bites you. x2
You die...

##################
#...#...#..^^@...#
#..^#...#.^^^#Z..#
#^^.'...'^.^.#..Z+
###'##############
#...# #...# #...#
#...# ###'#


You could see a water moccasin zombie and an orc zombie (confused).

Vanquished Creatures
  4 adder zombies (Ossuary)
  3 dart slugs
  A leopard gecko (D:4)
  3 orcs
  2 giant cockroaches
  3 goblins
  2 hobgoblins
  A quokka (D:4)
  A bat (D:1)
  A frilled lizard (D:2)
  A gnoll zombie (Ossuary)
  5 hobgoblin zombies (Ossuary)
  A jackal skeleton (D:4)
  A kobold zombie (Ossuary)
  4 orc zombies (Ossuary)
  3 rats
36 creatures vanquished.

Vanquished Creatures (others)
  An adder zombie (Ossuary)
1 creature vanquished.

Grand Total: 37 creatures vanquished

Notes
Turn   | Place    | Note
-------+----------+-------------------------------------------
     0 | D:1      | Patchouli the Spriggan Enchanter began the quest for the Orb.
     0 | D:1      | Reached XP level 1. HP: 9/9 MP: 5/5
   305 | D:3      | Reached XP level 2. HP: 13/13 MP: 4/6
   315 | D:3      | Learned a level 2 spell: Ensorcelled Hibernation
   375 | D:3      | You fall through a shaft!
   375 | D:4      | Noticed Sigmund
   386 | D:5      | Entered Level 5 of the Dungeon
   398 | D:4      | Noticed an ogre
   423 | D:4      | Noticed Robin
   463 | D:4      | Found a sand-covered staircase.
   773 | D:4      | Reached skill level 1 in Fighting
   773 | D:4      | Reached XP level 3. HP: 16/18 MP: 0/8
   806 | D:4      | Learned a level 3 spell: Confuse
   807 | Ossuary  | Entered an ossuary
  1161 | Ossuary  | Slain by a water moccasin zombie

Skill      XL: |  1  2 |
---------------+-------+-----
Hexes          | 4 |  4.1
Spellcasting   | 3 |  3.2
Fighting       | 1 |  1.2
Short Blades   | |  1.7
Dodging        | |  3.4
Stealth        | |  4.9

Action                   || total
-------------------------++-------
Melee: Dagger            ||   118
 Cast: Corona            ||    12
       Ensorcelled Hiber ||    12
       Confuse           ||    11
  Use: Potion            ||     1
 Stab: Sleeping          ||    17
       Confused          ||     3
Armor: Robe              ||    12
Dodge: Dodged            ||    89
